 Dungeon Crawl Stone Soup version 0.22-a0-368-g870eee8 (webtiles) character file.

1099 shitimlost the Skirmisher (level 8, 0/51 HPs)
             Began as a Gargoyle Gladiator on Apr 23, 2018.
             Slain by a two-headed ogre
             ... wielding a +0 giant club
              (15 damage)
             ... on level 5 of the Dungeon on Apr 24, 2018.
             The game lasted 00:12:01 (5207 turns).

shitimlost the Skirmisher (Gargoyle Gladiator)      Turns: 5207, Time: 00:12:01

Health: 0/51       AC: 14    Str: 20    XL:     8   Next: 32%
Magic:  8/8        EV: 11    Int:  8    God:
Gold:   191        SH:  0    Dex: 12    Spells: 7/7 levels left

rFire    . . .     SeeInvis .   a - +1 quarterstaff
rCold    . . .     Gourm    .   (shield currently unavailable)
rNeg     + . .     Faith    .   l - +0 scale mail
rPois    ∞         Spirit   .   (helmet restricted)
rElec    +         Reflect  .   m - +0 cloak
rCorr    .         Harm     .   (no gloves)
MR       .....                  e - +0 pair of boots
Stlth    ++........             (no amulet)
HPRegen  0.17/turn              (no ring)
MPRegen  0.11/turn              (no ring)

@: no status effects
A: horns 1, negative energy resistance 1, sense surroundings 1, electricity
resistance, unbreathing, petrification resistance, rot immunity, AC +5
a: no special abilities


You were on level 5 of the Dungeon.
You were not hungry.

You visited 1 branch of the dungeon, and saw 5 of its levels.

You collected 191 gold pieces.

Inventory:

Hand Weapons
 a - a +1 quarterstaff (weapon)
 v - a +5 flail of protection
Armour
 b - a +0 leather armour
 c - a +0 helmet
 e - a +0 pair of boots (worn)
 l - a +0 scale mail (worn)
 m - a +0 cloak (worn)
 o - a +1 helmet
 w - a +0 plate armour
 B - a +0 chain mail
Wands
 p - a wand of clouds (7)
 z - a wand of digging (17)
 A - a wand of disintegration (15)
Scrolls
 k - 2 scrolls of teleportation
 n - 3 scrolls of enchant weapon
 q - a scroll of blinking {unknown}
 s - a scroll of remove curse
 t - a scroll of magic mapping
Potions
 d - a potion of brilliance
 h - 2 potions of might
 i - a potion of lignification
 j - a potion of heal wounds
 u - 2 potions of flight
Comestibles
 f - 7 rations
 g - 7 chunks of flesh


   Skills:
 + Level 5.9 Fighting
 + Level 5.9 Staves
 - Level 1.9 Throwing
 + Level 3.5 Armour
 - Level 2.5 Dodging
 + Level 5.8 Stealth


You had 7 spell levels left.
You didn't know any spells.

Dungeon Overview and Level Annotations

Branches:
Dungeon (5/15)
 Temple: D:4-7

Altars:

Annotations:
D:3 thechecker02's ghost, amateur GnFi


Innate Abilities, Weirdness & Mutations

You are resistant to torment.
Your stone body is resilient. (AC +5)
You are immune to poison.
You resist negative energy. (rN+)
You are resistant to electric shocks. (rElec)
You can survive without breathing.
You are immune to petrification.
You are immune to rotting.
You have a pair of small horns on your head.
You passively map a small area around you.


Message History

The two-headed ogre completely misses you.
Evoke which item? (* to show all) (? for menu, Esc to quit)
Aiming: Disintegrate
Press: ? - help, Shift-Dir - straight line, f/p - two-headed ogre
Aim: a two-headed ogre, wielding two giant clubs (moderately wounded, chance to defeat MR: 48%)
The two-headed ogre resists with some effort.
The two-headed ogre completely misses you.
The two-headed ogre misses you.
You hit the two-headed ogre but do no damage.
The two-headed ogre is moderately wounded.
You hit the two-headed ogre. You headbutt the two-headed ogre.
The two-headed ogre is moderately wounded.
The two-headed ogre closely misses you.
The two-headed ogre completely misses you.
You hit the two-headed ogre.
The two-headed ogre is heavily wounded.
The two-headed ogre hits you with a giant club!
* * * LOW HITPOINT WARNING * * *
The two-headed ogre hits you with a giant club!
You die...

, #.#......# #..... ...
*#....#.#.###..... , ...
,.................
....###.##.....###.....
* ...#.#.#....### #.....
,, ####...#.#.######
#.....
#....#.#.#......########
,
'.......................
* ,
#(.....@##..###.......##
####...O##..# #######.##
#....'..... ,..#...
##...####### #.#### , *
#...# #.# #...# * #.####
, #...#* ### #.##.) * *
#...# ... #.##(# ,
*###*#.####.##(#


You could see a two-headed ogre.

Vanquished Creatures
  Sigmund (D:4)
  Edmund (D:4)
  An ogre (D:5)
  A centaur (D:5)
  3 vampire bats (D:3)
  A crimson imp (D:5)
  A centaur skeleton (D:5)
  3 hounds
  An orc priest (D:4)
  2 orc wizards (D:4)
  An iguana (D:4)
  2 worker ants
  A hound skeleton (D:4)
  9 adders
  3 gnolls (D:5)
  2 shadow imps (D:5)
  2 worms
  4 dart slugs
  4 leopard geckos
  11 orcs
  4 giant cockroaches
  5 goblins
  6 hobgoblins
  4 jackals (D:5)
  7 kobolds
  A quokka (D:3)
  3 ball pythons (D:3)
  8 bats
  2 frilled lizards
  7 rats
101 creatures vanquished.

Notes
Turn   | Place    | Note
-------+----------+-------------------------------------------
     0 | D:1      | shitimlost the Gargoyle Gladiator began the quest for the Orb.
     0 | D:1      | Reached XP level 1. HP: 12/12 MP: 1/1
   386 | D:1      | Reached XP level 2. HP: 18/18 MP: 2/2
   614 | D:2      | Reached skill level 1 in Stealth
   615 | D:2      | You fall through a shaft!
   780 | D:2      | Reached XP level 3. HP: 4/22 MP: 3/3
  1457 | D:2      | Reached XP level 4. HP: 21/28 MP: 4/4
  2092 | D:3      | Noticed thechecker02's ghost (amateur GnFi)
  2238 | D:3      | Reached XP level 5. HP: 30/33 MP: 5/5
  2331 | D:3      | Reached XP level 6. HP: 35/38 MP: 6/6
  3547 | D:4      | Noticed Sigmund
  3729 | D:4      | Reached skill level 1 in Armour
  3740 | D:4      | Reached XP level 7. HP: 19/44 MP: 7/7
  3972 | D:4      | Reached skill level 5 in Staves
  4060 | D:4      | Noticed Edmund
  4078 | D:4      | Killed Edmund
  4078 | D:4      | Reached skill level 5 in Fighting
  4431 | D:4      | You fall through a shaft!
  4431 | D:5      | Entered Level 5 of the Dungeon
  4480 | D:5      | Reached skill level 5 in Stealth
  4884 | D:4      | Gained mutation: You have a pair of small horns on your head. [potion of mutation]
  4884 | D:4      | Gained mutation: You passively map a small area around you. [potion of mutation]
  4899 | D:4      | Killed Sigmund
  4899 | D:4      | Reached XP level 8. HP: 50/51 MP: 8/8
  5192 | D:5      | Noticed a two-headed ogre
  5207 | D:5      | Slain by a two-headed ogre

Vault maps used:
D:1:      dpeg_arrival_renting, serial_bayou_pond_a
D:2:      first_ration
D:3:      serial_bayou, serial_bayou_shore_a, serial_bayou_lagoon_a,
          serial_bayou_crossing, serial_bayou_pond_d, serial_bayou_ford_a,
          roderic_batcave, fountainhead
D:4:      grunt_ministairs_15, uniq_edmund, uniq_sigmund
D:5:      nicolae_overflow_crystal_walls

Skill      XL: |  1  2  3  4  5  6  7 |
---------------+----------------------+-----
Stealth        | 1 2 3 4 5 |  5.8
Fighting       | 3 4 5 |  5.9
Staves         | 4 5 |  5.9
Armour         | 1 3 |  3.5
Throwing       | |  1.9
Dodging        | |  2.5

Action                   |  1- 3 |  4- 6 |  7- 9 || total
-------------------------+-------+-------+-------++-------
Melee: Quarterstaff      |    97 |   200 |   126 ||   423
       Headbutt          |       |       |     7 ||     7
Throw: Throwing net      |       |       |     6 ||     6
Evoke: Wand              |       |       |     2 ||     2
  Use: Scroll            |       |    11 |     3 ||    14
       Potion            |       |     1 |     4 ||     5
 Stab: Sleeping          |       |     9 |     1 ||    10
       Held in net/web   |       |       |     3 ||     3
  Eat: Chunk             |     1 |     5 |     5 ||    11
       Ration            |       |     1 |       ||     1
Armor: Leather armour    |    46 |   107 |       ||   153
       Scale mail        |       |    25 |    68 ||    93
Dodge: Dodged            |    67 |   144 |    68 ||   279

Table legend:
 A = Spawn XP
 B = Non-spawn XP
 C = Spawn XP percentage of total XP
 D = Spawn monster count
 E = Non-spawn monster count
 F = Spawn count percentage of total count
 G = Total turns spent on level
                    A         B        C        D         E        F      G
               +---------+---------+-------+---------+---------+-------+---------
         Total |       0 |    1570 |   0.0 |       0 |     101 |   0.0 |  5207
               +---------+---------+-------+---------+---------+-------+---------
           D:1 |       0 |      23 |   0.0 |       0 |      10 |   0.0 |   611
           D:2 |       0 |     119 |   0.0 |       0 |      22 |   0.0 |  1878
           D:3 |       0 |     244 |   0.0 |       0 |      32 |   0.0 |  1044
           D:4 |       0 |     709 |   0.0 |       0 |      21 |   0.0 |  1308
           D:5 |       0 |     475 |   0.0 |       0 |      16 |   0.0 |   366
               +---------+---------+-------+---------+---------+-------+---------
